Penguins vs Wolves
Created - March 31, 2022 at 19:43
Goals
|
| Penguins |
2 |
0 |
2 |
4 |
| Wolves |
3 |
0 |
0 |
3 |
|
Shots
|
| Penguins |
8 |
9 |
16 |
33 |
| Wolves |
18 |
5 |
5 |
28 |
|
1st period
1. Wolves , Sebastian Aho 27 (Kale Clague 4, Eric Robinson 6) at 5:37
2. Wolves , Lawson Crouse 21 (Kyle Rau 45, Alexandre Grenier 39) at 11:03
3. Penguins , Andy Andreoff 16 (Christopher Tanev 7) at 14:55
4. Penguins , Andy Andreoff 17 (Josh Jooris 25) at 15:11
5. Wolves , Sebastian Aho 28 (Jakub Zboril 9, Thomas Spelling 22) at 17:57
Penalties :
Fredrik Olofsson (Chi) for Holding (Minor) at 12:05, Lawson Crouse (Chi) for Holding (Minor) at 15:18
2nd period
No Goal
Penalties :
Denis Malgin (Wil) for Holding (Minor) at 14:05
3rd period
6. Penguins , Kyle Connor 22 (Frederick Gaudreau 21, Vince Hinostroza 31) at 4:31
7. Penguins , Frederick Gaudreau 13 (Andrew O'Brien 19, Vince Hinostroza 32) at 6:51
Penalties :
Juuso Ikonen (Wil) for Slashing (Minor) at 1:54, Josh Jooris (Wil) for Interference (Minor) at 6:57, Jalen Chatfield (Chi) for High sticking (Minor) at 18:00
Goalie Stats
Connor Hellebyuk (Wil), 25 saves from 28 shots - (0.893), W, 19-16-1, 60:00 minutes
Laurent Brossoit (Chi), 29 saves from 33 shots - (0.879), L, 25-7-4, 60:00 minutes
Players Stats for Penguins
Player Name G A P +/- PIM S H SB GA TA FO MP PP MP PK MP
------------------------------------------------------------------------------------
Adam Brooks 0 0 0 -1 0 0 0 1 1 0 3/7 10:28 0:00 0:13
Andrew O'Brien 0 1 1 1 0 3 1 1 0 2 0/0 27:38 3:29 3:40
Andy Andreoff 2 0 2 2 0 6 1 0 2 3 2/5 22:11 2:48 2:59
Anthony Beauvillier 0 0 0 -1 0 3 0 1 0 0 0/0 7:42 0:00 0:00
Cedric Paquette 0 0 0 2 0 0 4 0 0 2 10/33 22:16 2:52 2:59
Christopher Tanev 0 1 1 1 0 0 0 0 1 3 0/0 27:38 3:29 3:40
Dakota Mermis 0 0 0 0 0 1 0 0 0 0 0/0 19:52 2:28 2:17
Danny Biega 0 0 0 0 0 1 0 0 0 0 0/0 19:52 2:28 2:17
Denis Malgin 0 0 0 -1 2 0 3 0 0 0 3/3 8:48 0:00 0:45
Frederick Gaudreau 1 1 2 1 0 1 2 1 0 0 8/9 18:26 2:59 2:00
Gavin Bayreuther 0 0 0 0 0 3 1 1 0 1 0/0 12:30 0:00 0:00
Iven Barbashev 0 0 0 -1 0 1 3 0 0 0 1/1 10:53 0:16 0:00
John Marino 0 0 0 0 0 1 1 0 0 0 0/0 12:30 0:00 0:00
Josh Jooris 0 1 1 2 2 5 2 0 1 1 0/1 19:13 2:58 0:00
Juuso Ikonen 0 0 0 -1 2 1 1 1 0 0 0/0 11:47 0:00 1:03
Kyle Connor 1 0 1 1 0 3 1 0 0 0 0/1 18:00 2:59 1:37
Pierre-Luc Dubois 0 0 0 -1 0 0 2 0 0 0 0/0 8:05 0:00 0:18
Vince Hinostroza 0 2 2 1 0 4 5 1 1 0 0/0 16:11 2:59 0:00
Players Stats for Wolves
Player Name G A P +/- PIM S H SB GA TA FO MP PP MP PK MP
------------------------------------------------------------------------------------
Alexandre Grenier 0 1 1 -1 0 3 2 0 1 1 1/3 19:35 3:11 0:00
Anton Lindholm 0 0 0 -1 0 3 1 2 0 1 0/0 20:14 2:07 2:43
Antti Suomela 0 0 0 0 0 3 1 0 1 1 4/7 12:51 0:00 1:08
Dylan Coghlan 0 0 0 0 0 0 0 0 0 0 0/0 0:00 0:00 0:00
Eric Robinson 0 1 1 2 0 2 1 0 0 0 0/0 17:37 2:40 2:26
Fredrik Olofsson 0 0 0 0 2 1 2 1 0 0 1/1 13:45 0:06 0:36
Jake Evans 0 0 0 -2 0 0 2 0 1 0 2/5 6:53 0:00 0:00
Jakub Zboril 0 1 1 1 0 0 0 0 0 0 0/0 10:14 0:00 0:00
Jalen Chatfield 0 0 0 1 2 0 0 0 0 0 0/0 10:13 0:00 0:00
Jeff Petry 0 0 0 -1 0 0 0 5 0 0 0/0 20:14 2:07 2:43
Jeffrey Foss 0 0 0 -1 0 1 4 4 2 0 0/0 25:02 3:50 3:14
Joe Morrow 0 0 0 -1 0 0 1 0 1 0 0/0 25:02 3:50 3:14
Kale Clague 0 1 1 0 0 2 0 0 0 0 0/0 4:30 0:00 0:00
Kevin Stenlund 0 0 0 0 0 0 0 0 0 0 0/0 0:00 0:00 0:00
Kieffer Bellows 0 0 0 -2 0 0 1 0 0 0 0/0 6:56 0:00 0:03
Kyle Rau 0 1 1 -1 0 2 3 1 1 1 19/32 22:35 3:11 3:03
Lawson Crouse 1 0 1 -1 2 1 1 0 0 0 1/1 21:28 3:11 1:57
Liam O'Brien 0 0 0 0 0 0 0 0 0 0 0/0 0:00 0:00 0:00
Matthew Highmore 0 0 0 0 0 0 0 0 0 0 0/0 0:00 0:00 0:00
Samuel Girard 0 0 0 0 0 0 0 0 0 0 0/0 4:30 0:00 0:00
Sebastian Aho 2 0 2 2 0 4 1 0 3 0 4/10 16:11 2:40 1:00
Thomas Spelling 0 1 1 2 0 4 1 0 1 1 1/1 16:16 2:40 1:41
Victor Olofsson 0 0 0 0 0 2 0 0 1 1 0/0 12:25 0:06 0:00
Wade Allison 0 0 0 -2 0 0 1 0 0 0 0/0 6:53 0:00 0:00
Zachary Senyshyn 0 0 0 0 0 0 0 0 0 0 0/0 0:36 0:06 0:00
3 Stars
1 - Andy Andreoff (Wil)
2 - Sebastian Aho (Chi)
3 - Frederick Gaudreau (Wil)
Power Play
Penguins - 0 on 3 Attempt(s) - 0.00%
Wolves - 0 on 3 Attempt(s) - 0.00%
Penalty Kill
Penguins - 3 on 3 Attempt(s) - 100.00%
- Score 0 goal in Penalty Kill
Wolves - 3 on 3 Attempt(s) - 100.00%
- Score 0 goal in Penalty Kill
Team Stat
Penguins - Hits : 27 - Faceoff Wins : 27 - Blocked Shots : 7 - Penalty Minutes : 6
Wolves - Hits : 22 - Faceoff Wins : 33 - Blocked Shots : 13 - Penalty Minutes : 6
Official
Referees : Ian Walsh and Kendrick Nicholson
Linesman : Steve Barton and Travis Toomey
Game Notes
No Game Note
Finance
Level 1 -- Attendance: 1800 (90.00%) -- Ticket Income $63,000
Level 2 -- Attendance: 914 (91.40%) -- Ticket Income $13,710
Total Attendance: 2714 (90.47%)
Total Ticket Income: $76,710
Other Income: $3,836
Total Income: $80,546
Penguins
5 vs 5 Forward
Center Left Wing Right Wing Time % Phy DF OF
1 Cedric Paquette Andy Andreoff Josh Jooris 40 1 2 2
2 Frederick Gaudreau Kyle Connor Vince Hinostroza 30 1 2 2
3 Adam Brooks Juuso Ikonen Iven Barbashev 20 1 2 2
4 Denis Malgin Pierre-Luc Dubois Anthony Beauvillier 10 1 2 2
5 vs 5 Defense
Defense Defense Time % Phy DF OF
1 Christopher Tanev Andrew O'Brien 40 1 2 2
2 Dakota Mermis Danny Biega 30 1 2 2
3 Gavin Bayreuther John Marino 20 1 2 2
4 Christopher Tanev Andrew O'Brien 10 1 2 2
PowerPlay Forward
Center Left Wing Right Wing Time % Phy DF OF
1 Cedric Paquette Andy Andreoff Josh Jooris 60 1 2 2
2 Frederick Gaudreau Kyle Connor Vince Hinostroza 40 1 2 2
PowerPlay Defense
Defense Defense Time % Phy DF OF
1 Christopher Tanev Andrew O'Brien 60 1 2 2
2 Dakota Mermis Danny Biega 40 1 2 2
Penalty Kill 4 Players Forward
Center Wing Time % Phy DF OF
1 Cedric Paquette Andy Andreoff 60 1 2 2
2 Frederick Gaudreau Kyle Connor 40 1 2 2
Penalty Kill 4 Players Defense
Defense Defense Time % Phy DF OF
1 Christopher Tanev Andrew O'Brien 60 1 2 2
2 Dakota Mermis Danny Biega 40 1 2 2
Penalty Kill - 3 Players Forward
Forward Time % Phy DF OF
1 Cedric Paquette 60 1 2 2
2 Frederick Gaudreau 40 1 2 2
Penalty Kill - 3 Players Defense
Defense Defense Time % Phy DF OF
1 Christopher Tanev Andrew O'Brien 60 1 2 2
2 Dakota Mermis Danny Biega 40 1 2 2
4 vs 4 Forward
Center Wing Time % Phy DF OF
1 Cedric Paquette Andy Andreoff 60 1 2 2
2 Frederick Gaudreau Kyle Connor 40 1 2 2
4 vs 4 Defense
Defense Defense Time % Phy DF OF
1 Christopher Tanev Andrew O'Brien 60 1 2 2
2 Dakota Mermis Danny Biega 40 1 2 2
Last Minutes Offensive
Center Left Wing Right Wing Defense Defense
Cedric Paquette Andy Andreoff Josh Jooris Christopher Tanev Andrew O'Brien
Last Minutes Defensive
Center Left Wing Right Wing Defense Defense
Cedric Paquette Andy Andreoff Josh Jooris Christopher Tanev Andrew O'Brien
Goaltenders
Starting : Connor Hellebyuk
Backup : Anthony Stolarz
Extra Forwards
Normal : Frederick Gaudreau, Iven Barbashev, Kyle Connor - PP : Frederick Gaudreau, Iven Barbashev - PK : Frederick Gaudreau
Extra Defensemen
Normal : Danny Biega, Gavin Bayreuther, John Marino - PP : Danny Biega - PK : Danny Biega, Gavin Bayreuther
Penalty Shots
Josh Jooris, Andy Andreoff, Vince Hinostroza, Cedric Paquette, Frederick Gaudreau
Scratches
Brett Pollock (Healthy), Curtis Hamilton (Healthy), Josh Ho-Sang (Healthy), Matthew Finn (Healthy), Max Gortz (Healthy)
Raphael Bussieres (Healthy), Sam Kurker (Healthy), Steven Spinner (Healthy), German Rubtsov (Healthy)
Wolves
5 vs 5 Forward
Center Left Wing Right Wing Time % Phy DF OF
1 Kyle Rau Lawson Crouse Alexandre Grenier 40 1 2 2
2 Sebastian Aho Eric Robinson Thomas Spelling 30 1 2 2
3 Antti Suomela Fredrik Olofsson Victor Olofsson 20 1 2 2
4 Jake Evans Kieffer Bellows Wade Allison 10 1 2 2
5 vs 5 Defense
Defense Defense Time % Phy DF OF
1 Jeffrey Foss Joe Morrow 40 1 2 2
2 Anton Lindholm Jeff Petry 30 1 2 2
3 Jakub Zboril Jalen Chatfield 20 1 2 2
4 Samuel Girard Kale Clague 10 1 2 2
PowerPlay Forward
Center Left Wing Right Wing Time % Phy DF OF
1 Kyle Rau Lawson Crouse Alexandre Grenier 60 1 2 2
2 Sebastian Aho Eric Robinson Thomas Spelling 40 1 2 2
PowerPlay Defense
Defense Defense Time % Phy DF OF
1 Jeffrey Foss Joe Morrow 60 1 2 2
2 Anton Lindholm Jeff Petry 40 1 2 2
Penalty Kill 4 Players Forward
Center Wing Time % Phy DF OF
1 Kyle Rau Lawson Crouse 60 1 2 2
2 Sebastian Aho Eric Robinson 40 1 2 2
Penalty Kill 4 Players Defense
Defense Defense Time % Phy DF OF
1 Jeffrey Foss Joe Morrow 60 1 2 2
2 Anton Lindholm Jeff Petry 40 1 2 2
Penalty Kill - 3 Players Forward
Forward Time % Phy DF OF
1 Kyle Rau 60 1 2 2
2 Sebastian Aho 40 1 2 2
Penalty Kill - 3 Players Defense
Defense Defense Time % Phy DF OF
1 Jeffrey Foss Joe Morrow 60 1 2 2
2 Anton Lindholm Jeff Petry 40 1 2 2
4 vs 4 Forward
Center Wing Time % Phy DF OF
1 Kyle Rau Lawson Crouse 60 1 2 2
2 Sebastian Aho Eric Robinson 40 1 2 2
4 vs 4 Defense
Defense Defense Time % Phy DF OF
1 Jeffrey Foss Joe Morrow 60 1 2 2
2 Anton Lindholm Jeff Petry 40 1 2 2
Last Minutes Offensive
Center Left Wing Right Wing Defense Defense
Kyle Rau Lawson Crouse Alexandre Grenier Jeffrey Foss Joe Morrow
Last Minutes Defensive
Center Left Wing Right Wing Defense Defense
Kyle Rau Lawson Crouse Alexandre Grenier Jeffrey Foss Joe Morrow
Goaltenders
Starting : Laurent Brossoit
Backup : Ebbe Siönäs
Extra Forwards
Normal : Thomas Spelling, Victor Olofsson, Antti Suomela - PP : Thomas Spelling, Victor Olofsson - PK : Thomas Spelling
Extra Defensemen
Normal : Samuel Girard, Kale Clague, Dylan Coghlan - PP : Samuel Girard - PK : Samuel Girard, Kale Clague
Penalty Shots
Alexandre Grenier, Kyle Rau, Sebastian Aho, Lawson Crouse, Thomas Spelling
Scratches
Joona Koppanen (Healthy), Sergei Kostenko (Healthy)
% Time on Ice - Penguins
Lines # - Real PCT - Wanted PCT - Time Play
Normal Forward
1 - 35% - 40% - 16:42
2 - 29% - 30% - 13:52
3 - 21% - 20% - 10:15
4 - 15% - 10% - 7:17
Normal Defense
1 - 39% - 40% - 18:59
2 - 31% - 30% - 15:07
3 - 26% - 20% - 12:30
4 - 3% - 10% - 1:30
PP Forward
1 - 50% - 60% - 2:58
2 - 50% - 40% - 2:59
PP Defense
1 - 59% - 60% - 3:29
2 - 41% - 40% - 2:28
PK Forward
1 - 79% - 60% - 4:43
2 - 21% - 40% - 1:14
PK Defense
1 - 62% - 60% - 3:40
2 - 38% - 40% - 2:17
PK3 Forward
1 - 0% - 60%
2 - 0% - 40%
PK3 Defense
1 - 0% - 60%
2 - 0% - 40%
44 Forward
1 - 0% - 60%
2 - 0% - 40%
44 Defense
1 - 0% - 60%
2 - 0% - 40%
Last Minute Offensive - 0:00
Last Minute Defensive - 0:00
Total
Forward - 60:00
Defense - 60:00
|
% Time on Ice - Wolves
Lines # - Real PCT - Wanted PCT - Time Play
Normal Forward
1 - 35% - 40% - 16:51
2 - 26% - 30% - 12:42
3 - 24% - 20% - 11:40
4 - 14% - 10% - 6:53
Normal Defense
1 - 37% - 40% - 17:58
2 - 32% - 30% - 15:24
3 - 21% - 20% - 10:14
4 - 9% - 10% - 4:30
PP Forward
1 - 55% - 60% - 3:17
2 - 45% - 40% - 2:40
PP Defense
1 - 64% - 60% - 3:50
2 - 36% - 40% - 2:07
PK Forward
1 - 83% - 60% - 4:57
2 - 17% - 40% - 1:00
PK Defense
1 - 54% - 60% - 3:14
2 - 46% - 40% - 2:43
PK3 Forward
1 - 0% - 60%
2 - 0% - 40%
PK3 Defense
1 - 0% - 60%
2 - 0% - 40%
44 Forward
1 - 0% - 60%
2 - 0% - 40%
44 Defense
1 - 0% - 60%
2 - 0% - 40%
Last Minute Offensive - 0:00
Last Minute Defensive - 0:00
Total
Forward - 60:00
Defense - 60:00
|
Play-by-Play
1st period
0:01 of 1st period - Kyle Rau wins face-off versus Cedric Paquette in neutral zone.
0:35 of 1st period - Backhand shot by Kyle Connor.
0:35 of 1st period - Stopped by Laurent Brossoit without a rebound.
0:36 of 1st period - Antti Suomela wins face-off versus Adam Brooks in Wolves zone.
0:45 of 1st period - Slapshot by Victor Olofsson.
0:45 of 1st period - Shot Blocked by Adam Brooks.
1:03 of 1st period - Jakub Zboril is hit by Denis Malgin and loses puck.
2:32 of 1st period - Slapshot by Alexandre Grenier.
2:32 of 1st period - Stopped by Connor Hellebyuk with a rebound.
2:34 of 1st period - Wrist shot by Lawson Crouse.
2:34 of 1st period - Shot Misses the Net.
2:36 of 1st period - Wrist shot by Lawson Crouse.
2:36 of 1st period - Shot Misses the Net.
3:32 of 1st period - Wrist shot by Juuso Ikonen.
3:32 of 1st period - Deflect By Anton Lindholm.
3:32 of 1st period - Shot Blocked by Anton Lindholm.
3:32 of 1st period - Puck is out of play.
3:33 of 1st period - Antti Suomela wins face-off versus Adam Brooks in Wolves zone.
3:38 of 1st period - John Marino is hit by Antti Suomela and loses puck.
4:01 of 1st period - Snap shot by Victor Olofsson.
4:01 of 1st period - Shot Misses the Net.
4:03 of 1st period - Slapshot by Anton Lindholm.
4:03 of 1st period - Stopped by Connor Hellebyuk with a rebound.
4:09 of 1st period - Snap shot by Antti Suomela.
4:09 of 1st period - Shot Blocked by Juuso Ikonen.
4:11 of 1st period - Slapshot by Jeff Petry.
4:11 of 1st period - Shot Misses the Net.
4:37 of 1st period - Slapshot by Victor Olofsson.
4:37 of 1st period - Stopped by Connor Hellebyuk with a rebound.
4:49 of 1st period - Snap shot by Victor Olofsson.
4:49 of 1st period - Shot Blocked by Gavin Bayreuther.
5:05 of 1st period - Snap shot by Victor Olofsson.
5:05 of 1st period - Deflect By Juuso Ikonen.
5:05 of 1st period - Shot Misses the Net.
5:05 of 1st period - Puck is out of play.
5:06 of 1st period - Kyle Rau wins face-off versus Cedric Paquette in Penguins zone.
5:17 of 1st period - Slapshot by Alexandre Grenier.
5:17 of 1st period - Stopped by Connor Hellebyuk with a rebound.
5:19 of 1st period - Snap shot by Kyle Rau.
5:19 of 1st period - Stopped by Connor Hellebyuk with a rebound.
5:21 of 1st period - Slapshot by Joe Morrow.
5:21 of 1st period - Deflect By Alexandre Grenier.
5:21 of 1st period - Shot Misses the Net.
5:21 of 1st period - Puck is out of play.
5:22 of 1st period - Frederick Gaudreau wins face-off versus Sebastian Aho in Penguins zone.
5:29 of 1st period - Wrist shot by Sebastian Aho.
5:29 of 1st period - Shot Hit the Post.
5:31 of 1st period - Snap shot by Sebastian Aho.
5:31 of 1st period - Shot Hit the Post.
5:33 of 1st period - Wrist shot by Sebastian Aho.
5:33 of 1st period - Shot Blocked by Frederick Gaudreau.
5:35 of 1st period - Slapshot by Kale Clague.
5:35 of 1st period - Stopped by Connor Hellebyuk with a rebound.
5:37 of 1st period - Wrist shot by Sebastian Aho.
5:37 of 1st period - Goal by Sebastian Aho - Penguins : 0 - Wolves : 1.
5:38 of 1st period - Kyle Rau wins face-off versus Cedric Paquette in neutral zone.
6:53 of 1st period - Dakota Mermis is hit by Fredrik Olofsson and loses puck.
7:22 of 1st period - Wrist shot by Sebastian Aho.
7:22 of 1st period - Stopped by Connor Hellebyuk with a rebound.
7:24 of 1st period - Snap shot by Thomas Spelling.
7:24 of 1st period - Shot Misses the Net.
7:52 of 1st period - Wrist shot by Andy Andreoff.
7:52 of 1st period - Stopped by Laurent Brossoit without a rebound.
7:53 of 1st period - Kyle Rau wins face-off versus Cedric Paquette in Wolves zone.
8:02 of 1st period - Snap shot by Kyle Rau.
8:02 of 1st period - Stopped by Connor Hellebyuk without a rebound.
8:03 of 1st period - Kyle Rau wins face-off versus Cedric Paquette in Penguins zone.
8:04 of 1st period - Wrist shot by Alexandre Grenier.
8:04 of 1st period - Stopped by Connor Hellebyuk without a rebound.
8:05 of 1st period - Cedric Paquette wins face-off versus Alexandre Grenier in Penguins zone.
8:30 of 1st period - Frederick Gaudreau is hit by Eric Robinson and loses puck.
8:48 of 1st period - Frederick Gaudreau is hit by Anton Lindholm and loses puck.
9:19 of 1st period - Slapshot by Thomas Spelling.
9:19 of 1st period - Shot Misses the Net.
9:21 of 1st period - Wrist shot by Sebastian Aho.
9:21 of 1st period - Shot Misses the Net.
9:23 of 1st period - Snap shot by Thomas Spelling.
9:23 of 1st period - Stopped by Connor Hellebyuk without a rebound.
9:24 of 1st period - Alexandre Grenier wins face-off versus Cedric Paquette in Penguins zone.
9:27 of 1st period - Snap shot by Alexandre Grenier.
9:27 of 1st period - Shot Misses the Net.
9:29 of 1st period - Snap shot by Kale Clague.
9:29 of 1st period - Stopped by Connor Hellebyuk with a rebound.
9:37 of 1st period - Slapshot by Kyle Rau.
9:37 of 1st period - Shot Misses the Net.
9:39 of 1st period - Backhand shot by Samuel Girard.
9:39 of 1st period - Shot Blocked by Andrew O'Brien.
9:49 of 1st period - Kale Clague is hit by Pierre-Luc Dubois and loses puck.
9:58 of 1st period - Gavin Bayreuther is hit by Wade Allison and loses puck.
10:59 of 1st period - Wrist shot by Alexandre Grenier.
10:59 of 1st period - Shot Blocked by Anthony Beauvillier.
11:03 of 1st period - Wrist shot by Lawson Crouse.
11:03 of 1st period - Goal by Lawson Crouse - Penguins : 0 - Wolves : 2.
11:04 of 1st period - Thomas Spelling wins face-off versus Cedric Paquette in neutral zone.
12:05 of 1st period - Minor Penalty to Fredrik Olofsson for Holding.
12:06 of 1st period - Kyle Rau wins face-off versus Cedric Paquette in Wolves zone.
12:32 of 1st period - Joe Morrow is hit by Frederick Gaudreau and loses puck.
14:05 of 1st period - Penalty to Fredrik Olofsson is over, Fredrik Olofsson is back on ice.
14:22 of 1st period - John Marino is hit by Fredrik Olofsson and loses puck.
14:43 of 1st period - Snap shot by Eric Robinson.
14:43 of 1st period - Stopped by Connor Hellebyuk with a rebound.
14:45 of 1st period - Snap shot by Fredrik Olofsson.
14:45 of 1st period - Stopped by Connor Hellebyuk with a rebound.
14:47 of 1st period - Slapshot by Anton Lindholm.
14:47 of 1st period - Deflect By Iven Barbashev.
14:47 of 1st period - Stopped by Connor Hellebyuk without a rebound.
14:48 of 1st period - Jake Evans wins face-off versus Cedric Paquette in Penguins zone.
14:55 of 1st period - Snap shot by Andy Andreoff.
14:55 of 1st period - Goal by Andy Andreoff - Penguins : 1 - Wolves : 2.
14:56 of 1st period - Cedric Paquette wins face-off versus Kyle Rau in neutral zone.
15:05 of 1st period - Wrist shot by Andy Andreoff.
15:05 of 1st period - Deflect By Josh Jooris.
15:05 of 1st period - Stopped by Laurent Brossoit without a rebound.
15:06 of 1st period - Kyle Rau wins face-off versus Andy Andreoff in Wolves zone.
15:11 of 1st period - Snap shot by Andy Andreoff.
15:11 of 1st period - Goal by Andy Andreoff - Penguins : 2 - Wolves : 2.
15:12 of 1st period - Kyle Rau wins face-off versus Cedric Paquette in neutral zone.
15:18 of 1st period - Minor Penalty to Lawson Crouse for Holding.
15:19 of 1st period - Andy Andreoff wins face-off versus Kyle Rau in Wolves zone.
15:45 of 1st period - Kyle Rau is hit by Vince Hinostroza and loses puck.
17:18 of 1st period - Penalty to Lawson Crouse is over, Lawson Crouse is back on ice.
17:44 of 1st period - Jalen Chatfield is hit by John Marino and loses puck.
17:55 of 1st period - Snap shot by Thomas Spelling.
17:55 of 1st period - Stopped by Connor Hellebyuk with a rebound.
17:57 of 1st period - Slapshot by Jakub Zboril.
17:57 of 1st period - Deflect By Sebastian Aho.
17:57 of 1st period - Goal by Sebastian Aho - Penguins : 2 - Wolves : 3.
17:58 of 1st period - Sebastian Aho wins face-off versus Cedric Paquette in neutral zone.
18:09 of 1st period - Snap shot by Andy Andreoff.
18:09 of 1st period - Stopped by Laurent Brossoit with a rebound.
18:11 of 1st period - Slapshot by Andrew O'Brien.
18:11 of 1st period - Shot Blocked by Jeffrey Foss.
18:30 of 1st period - Kyle Connor is hit by Kyle Rau and loses puck.
18:41 of 1st period - Snap shot by Lawson Crouse.
18:41 of 1st period - Shot Misses the Net.
18:55 of 1st period - Wrist shot by Iven Barbashev.
18:55 of 1st period - Shot Misses the Net.
18:57 of 1st period - Backhand shot by Iven Barbashev.
18:57 of 1st period - Stopped by Laurent Brossoit without a rebound.
18:58 of 1st period - Adam Brooks wins face-off versus Kyle Rau in Wolves zone.
19:05 of 1st period - Wrist shot by Iven Barbashev.
19:05 of 1st period - Shot Misses the Net.
19:07 of 1st period - Snap shot by Dakota Mermis.
19:07 of 1st period - Shot Blocked by Kyle Rau.
19:23 of 1st period - Joe Morrow is hit by Cedric Paquette and loses puck.
19:30 of 1st period - Slapshot by Cedric Paquette.
19:30 of 1st period - Shot Blocked by Jeffrey Foss.
19:32 of 1st period - Wrist shot by Andy Andreoff.
19:32 of 1st period - Stopped by Laurent Brossoit without a rebound.
19:33 of 1st period - Frederick Gaudreau wins face-off versus Kyle Rau in Wolves zone.
19:45 of 1st period - Icing by Kyle Rau.
19:46 of 1st period - Kyle Rau wins face-off versus Cedric Paquette in Wolves zone.
19:46 of 1st period - Alexandre Grenier is hit by Andy Andreoff and loses puck.
19:59 of 1st period - Slapshot by Alexandre Grenier.
19:59 of 1st period - Shot Misses the Net.
Goals for this period are 2 for Penguins vs 3 for Wolves.
Shots for this period are 8 for Penguins vs 18 for Wolves.
2nd period
0:01 of 2nd period - Kyle Rau wins face-off versus Cedric Paquette in neutral zone.
0:28 of 2nd period - Icing by Andy Andreoff.
0:29 of 2nd period - Fredrik Olofsson wins face-off versus Cedric Paquette in Penguins zone.
0:42 of 2nd period - Snap shot by Antti Suomela.
0:42 of 2nd period - Stopped by Connor Hellebyuk with a rebound.
0:44 of 2nd period - Snap shot by Jeff Petry.
0:44 of 2nd period - Deflect By Antti Suomela.
0:44 of 2nd period - Stopped by Connor Hellebyuk with a rebound.
1:02 of 2nd period - Wrist shot by Vince Hinostroza.
1:02 of 2nd period - Shot Misses the Net.
1:13 of 2nd period - Off-side.
1:14 of 2nd period - Denis Malgin wins face-off versus Sebastian Aho in neutral zone.
1:27 of 2nd period - Andrew O'Brien is hit by Sebastian Aho.
1:39 of 2nd period - Jeffrey Foss is hit by Vince Hinostroza and loses puck.
2:32 of 2nd period - Wrist shot by Vince Hinostroza.
2:32 of 2nd period - Stopped by Laurent Brossoit without a rebound.
2:33 of 2nd period - Cedric Paquette wins face-off versus Sebastian Aho in Wolves zone.
3:02 of 2nd period - Icing by Adam Brooks.
3:03 of 2nd period - Antti Suomela wins face-off versus Adam Brooks in Penguins zone.
3:04 of 2nd period - Wrist shot by Victor Olofsson.
3:04 of 2nd period - Stopped by Connor Hellebyuk with a rebound.
3:40 of 2nd period - Snap shot by Juuso Ikonen.
3:40 of 2nd period - Shot Blocked by Jeff Petry.
3:44 of 2nd period - Wrist shot by Iven Barbashev.
3:44 of 2nd period - Deflect By Adam Brooks.
3:44 of 2nd period - Shot Misses the Net.
3:44 of 2nd period - Puck is out of play.
3:45 of 2nd period - Kyle Rau wins face-off versus Cedric Paquette in Wolves zone.
4:12 of 2nd period - Joe Morrow is hit by Vince Hinostroza and loses puck.
5:05 of 2nd period - Gavin Bayreuther is hit by Alexandre Grenier.
5:31 of 2nd period - Antti Suomela is hit by Josh Jooris and loses puck.
6:05 of 2nd period - Anton Lindholm is hit by Iven Barbashev and loses puck.
6:13 of 2nd period - Jeff Petry is hit by Andrew O'Brien and loses puck.
6:32 of 2nd period - Slapshot by Anthony Beauvillier.
6:32 of 2nd period - Stopped by Laurent Brossoit with a rebound.
6:34 of 2nd period - Snap shot by Pierre-Luc Dubois.
6:34 of 2nd period - Deflect By Anthony Beauvillier.
6:34 of 2nd period - Shot Misses the Net.
6:34 of 2nd period - Puck is out of play.
6:35 of 2nd period - Sebastian Aho wins face-off versus Andy Andreoff in Wolves zone.
7:06 of 2nd period - Antti Suomela is hit by Josh Jooris and loses puck.
7:14 of 2nd period - Wrist shot by Antti Suomela.
7:14 of 2nd period - Stopped by Connor Hellebyuk without a rebound.
7:15 of 2nd period - Kyle Rau wins face-off versus Kyle Connor in Penguins zone.
7:22 of 2nd period - Snap shot by Alexandre Grenier.
7:22 of 2nd period - Shot Blocked by Vince Hinostroza.
7:44 of 2nd period - Wrist shot by Christopher Tanev.
7:44 of 2nd period - Deflect By Adam Brooks.
7:44 of 2nd period - Shot Misses the Net.
7:44 of 2nd period - Puck is out of play.
7:45 of 2nd period - Adam Brooks wins face-off versus Antti Suomela in Wolves zone.
7:51 of 2nd period - Off-side.
7:52 of 2nd period - Cedric Paquette wins face-off versus Kyle Rau in neutral zone.
7:57 of 2nd period - Wrist shot by Andy Andreoff.
7:57 of 2nd period - Shot Blocked by Jeffrey Foss.
7:59 of 2nd period - Snap shot by Dakota Mermis.
7:59 of 2nd period - Deflect By Cedric Paquette.
7:59 of 2nd period - Shot Blocked by Jeffrey Foss.
7:59 of 2nd period - Puck is out of play.
8:00 of 2nd period - Lawson Crouse wins face-off versus Cedric Paquette in Wolves zone.
8:00 of 2nd period - Lawson Crouse is hit by Cedric Paquette.
8:24 of 2nd period - Christopher Tanev is hit by Jeffrey Foss and loses puck.
8:30 of 2nd period - Off-side.
8:31 of 2nd period - Frederick Gaudreau wins face-off versus Sebastian Aho in neutral zone.
8:37 of 2nd period - Slapshot by Danny Biega.
8:37 of 2nd period - Shot Blocked by Anton Lindholm.
8:41 of 2nd period - Slapshot by Vince Hinostroza.
8:41 of 2nd period - Shot Blocked by Jeff Petry.
8:43 of 2nd period - Snap shot by Kyle Connor.
8:43 of 2nd period - Stopped by Laurent Brossoit without a rebound.
8:44 of 2nd period - Kyle Rau wins face-off versus Cedric Paquette in Wolves zone.
9:36 of 2nd period - Joe Morrow is hit by Vince Hinostroza and loses puck.
9:46 of 2nd period - Off-side.
9:47 of 2nd period - Adam Brooks wins face-off versus Jake Evans in neutral zone.
9:57 of 2nd period - Iven Barbashev is hit by Kieffer Bellows and loses puck.
10:33 of 2nd period - Slapshot by Thomas Spelling.
10:33 of 2nd period - Stopped by Connor Hellebyuk without a rebound.
10:34 of 2nd period - Denis Malgin wins face-off versus Sebastian Aho in Penguins zone.
11:00 of 2nd period - John Marino is hit by Jeffrey Foss and loses puck.
11:23 of 2nd period - Slapshot by Gavin Bayreuther.
11:23 of 2nd period - Stopped by Laurent Brossoit without a rebound.
11:24 of 2nd period - Cedric Paquette wins face-off versus Alexandre Grenier in Wolves zone.
12:16 of 2nd period - Victor Olofsson is hit by Iven Barbashev and loses puck.
12:27 of 2nd period - Andy Andreoff is hit by Jake Evans and loses puck.
12:50 of 2nd period - Snap shot by Alexandre Grenier.
12:50 of 2nd period - Shot Misses the Net.
13:52 of 2nd period - Snap shot by Anthony Beauvillier.
13:52 of 2nd period - Shot Misses the Net.
13:54 of 2nd period - Snap shot by Andrew O'Brien.
13:54 of 2nd period - Stopped by Laurent Brossoit with a rebound.
13:56 of 2nd period - Snap shot by Pierre-Luc Dubois.
13:56 of 2nd period - Shot Misses the Net.
13:58 of 2nd period - Wrist shot by Anthony Beauvillier.
13:58 of 2nd period - Stopped by Laurent Brossoit without a rebound.
13:59 of 2nd period - Denis Malgin wins face-off versus Kyle Rau in Wolves zone.
14:05 of 2nd period - Minor Penalty to Denis Malgin for Holding.
14:06 of 2nd period - Cedric Paquette wins face-off versus Kyle Rau in Penguins zone.
14:06 of 2nd period - Cedric Paquette is hit by Lawson Crouse.
14:19 of 2nd period - Slapshot by Joe Morrow.
14:19 of 2nd period - Shot Misses the Net.
16:05 of 2nd period - Penalty to Denis Malgin is over, Denis Malgin is back on ice.
16:22 of 2nd period - Slapshot by Gavin Bayreuther.
16:22 of 2nd period - Stopped by Laurent Brossoit with a rebound.
16:24 of 2nd period - Slapshot by Gavin Bayreuther.
16:24 of 2nd period - Shot Misses the Net.
16:26 of 2nd period - Slapshot by John Marino.
16:26 of 2nd period - Stopped by Laurent Brossoit without a rebound.
16:27 of 2nd period - Jake Evans wins face-off versus Adam Brooks in Wolves zone.
16:50 of 2nd period - Jalen Chatfield is hit by Pierre-Luc Dubois and loses puck.
16:57 of 2nd period - Slapshot by Gavin Bayreuther.
16:57 of 2nd period - Deflect By Anthony Beauvillier.
16:57 of 2nd period - Stopped by Laurent Brossoit without a rebound.
16:58 of 2nd period - Cedric Paquette wins face-off versus Kyle Rau in Wolves zone.
Goals for this period are 0 for Penguins vs 0 for Wolves.
Shots for this period are 9 for Penguins vs 5 for Wolves.
3rd period
0:01 of 3rd period - Cedric Paquette wins face-off versus Kyle Rau in neutral zone.
0:06 of 3rd period - Wrist shot by Cedric Paquette.
0:06 of 3rd period - Shot Misses the Net.
0:08 of 3rd period - Snap shot by Andrew O'Brien.
0:08 of 3rd period - Deflect By Kyle Rau.
0:08 of 3rd period - Stopped by Laurent Brossoit without a rebound.
0:09 of 3rd period - Andy Andreoff wins face-off versus Kyle Rau in Wolves zone.
1:13 of 3rd period - Off-side.
1:14 of 3rd period - Sebastian Aho wins face-off versus Frederick Gaudreau in neutral zone.
1:23 of 3rd period - Snap shot by Thomas Spelling.
1:23 of 3rd period - Stopped by Connor Hellebyuk without a rebound.
1:24 of 3rd period - Frederick Gaudreau wins face-off versus Sebastian Aho in Penguins zone.
1:47 of 3rd period - Snap shot by Sebastian Aho.
1:47 of 3rd period - Stopped by Connor Hellebyuk with a rebound.
1:49 of 3rd period - Slapshot by Anton Lindholm.
1:49 of 3rd period - Stopped by Connor Hellebyuk with a rebound.
1:51 of 3rd period - Slapshot by Eric Robinson.
1:51 of 3rd period - Deflect By Kyle Connor.
1:51 of 3rd period - Stopped by Connor Hellebyuk without a rebound.
1:52 of 3rd period - Iven Barbashev wins face-off versus Antti Suomela in Penguins zone.
1:54 of 3rd period - Minor Penalty to Juuso Ikonen for Slashing.
1:55 of 3rd period - Kyle Rau wins face-off versus Cedric Paquette in Penguins zone.
3:04 of 3rd period - Alexandre Grenier is hit by Denis Malgin and loses puck.
3:11 of 3rd period - Dakota Mermis is hit by Alexandre Grenier.
3:54 of 3rd period - Penalty to Juuso Ikonen is over, Juuso Ikonen is back on ice.
4:06 of 3rd period - Snap shot by Gavin Bayreuther.
4:06 of 3rd period - Shot Blocked by Fredrik Olofsson.
4:08 of 3rd period - Slapshot by Pierre-Luc Dubois.
4:08 of 3rd period - Shot Blocked by Jeff Petry.
4:10 of 3rd period - Slapshot by Gavin Bayreuther.
4:10 of 3rd period - Stopped by Laurent Brossoit with a rebound.
4:18 of 3rd period - Fredrik Olofsson is hit by Juuso Ikonen and loses puck.
4:23 of 3rd period - Slapshot by Dakota Mermis.
4:23 of 3rd period - Stopped by Laurent Brossoit without a rebound.
4:24 of 3rd period - Frederick Gaudreau wins face-off versus Jake Evans in Wolves zone.
4:25 of 3rd period - Snap shot by Vince Hinostroza.
4:25 of 3rd period - Shot Misses the Net.
4:31 of 3rd period - Snap shot by Frederick Gaudreau.
4:31 of 3rd period - Deflect By Kyle Connor.
4:31 of 3rd period - Goal by Kyle Connor - Penguins : 3 - Wolves : 3.
4:32 of 3rd period - Kyle Rau wins face-off versus Andy Andreoff in neutral zone.
4:57 of 3rd period - Andrew O'Brien is hit by Thomas Spelling and loses puck.
5:04 of 3rd period - Slapshot by Christopher Tanev.
5:04 of 3rd period - Deflect By Vince Hinostroza.
5:04 of 3rd period - Deflect By Jeffrey Foss.
5:04 of 3rd period - Shot Misses the Net.
5:04 of 3rd period - Puck is out of play.
5:05 of 3rd period - Sebastian Aho wins face-off versus Cedric Paquette in Wolves zone.
5:31 of 3rd period - Frederick Gaudreau is hit by Kyle Rau and loses puck.
5:54 of 3rd period - Snap shot by Juuso Ikonen.
5:54 of 3rd period - Stopped by Laurent Brossoit without a rebound.
5:55 of 3rd period - Antti Suomela wins face-off versus Cedric Paquette in Wolves zone.
6:22 of 3rd period - Kyle Connor is hit by Jeffrey Foss and loses puck.
6:28 of 3rd period - Icing by Christopher Tanev.
6:29 of 3rd period - Frederick Gaudreau wins face-off versus Kyle Rau in Penguins zone.
6:38 of 3rd period - Lawson Crouse is hit by Kyle Connor and loses puck.
6:47 of 3rd period - Wrist shot by Frederick Gaudreau.
6:47 of 3rd period - Shot Misses the Net.
6:51 of 3rd period - Snap shot by Frederick Gaudreau.
6:51 of 3rd period - Goal by Frederick Gaudreau - Penguins : 4 - Wolves : 3.
6:52 of 3rd period - Kyle Rau wins face-off versus Cedric Paquette in neutral zone.
6:55 of 3rd period - Slapshot by Jeffrey Foss.
6:55 of 3rd period - Stopped by Connor Hellebyuk with a rebound.
6:57 of 3rd period - Minor Penalty to Josh Jooris for Interference.
6:58 of 3rd period - Cedric Paquette wins face-off versus Kyle Rau in Penguins zone.
8:19 of 3rd period - Slapshot by Dakota Mermis.
8:19 of 3rd period - Shot Blocked by Jeff Petry.
8:47 of 3rd period - Lawson Crouse is hit by Frederick Gaudreau and loses puck.
8:57 of 3rd period - Penalty to Josh Jooris is over, Josh Jooris is back on ice.
9:59 of 3rd period - Snap shot by Josh Jooris.
9:59 of 3rd period - Stopped by Laurent Brossoit with a rebound.
10:37 of 3rd period - Snap shot by Vince Hinostroza.
10:37 of 3rd period - Stopped by Laurent Brossoit without a rebound.
10:38 of 3rd period - Frederick Gaudreau wins face-off versus Jake Evans in Wolves zone.
10:39 of 3rd period - Wrist shot by Vince Hinostroza.
10:39 of 3rd period - Stopped by Laurent Brossoit with a rebound.
10:41 of 3rd period - Snap shot by Kyle Connor.
10:41 of 3rd period - Shot Misses the Net.
10:43 of 3rd period - Snap shot by Andrew O'Brien.
10:43 of 3rd period - Shot Misses the Net.
10:45 of 3rd period - Slapshot by Andrew O'Brien.
10:45 of 3rd period - Stopped by Laurent Brossoit without a rebound.
10:46 of 3rd period - Kyle Rau wins face-off versus Cedric Paquette in Wolves zone.
10:51 of 3rd period - Wrist shot by Josh Jooris.
10:51 of 3rd period - Stopped by Laurent Brossoit with a rebound.
11:35 of 3rd period - Jeff Petry is hit by Iven Barbashev and loses puck.
11:42 of 3rd period - Backhand shot by Adam Brooks.
11:42 of 3rd period - Deflect By Iven Barbashev.
11:42 of 3rd period - Shot Blocked by Jeff Petry.
11:42 of 3rd period - Puck is out of play.
11:43 of 3rd period - Kyle Rau wins face-off versus Cedric Paquette in Wolves zone.
12:12 of 3rd period - Slapshot by Danny Biega.
12:12 of 3rd period - Stopped by Laurent Brossoit with a rebound.
13:13 of 3rd period - Fredrik Olofsson is hit by Cedric Paquette and loses puck.
13:17 of 3rd period - Icing by Antti Suomela.
13:18 of 3rd period - Cedric Paquette wins face-off versus Antti Suomela in Wolves zone.
13:21 of 3rd period - Slapshot by Andy Andreoff.
13:21 of 3rd period - Stopped by Laurent Brossoit with a rebound.
14:13 of 3rd period - Anton Lindholm is hit by Gavin Bayreuther and loses puck.
14:35 of 3rd period - Slapshot by Josh Jooris.
14:35 of 3rd period - Stopped by Laurent Brossoit with a rebound.
14:49 of 3rd period - Slapshot by Josh Jooris.
14:49 of 3rd period - Stopped by Laurent Brossoit without a rebound.
14:50 of 3rd period - Frederick Gaudreau wins face-off versus Kyle Rau in Wolves zone.
14:57 of 3rd period - Snap shot by Frederick Gaudreau.
14:57 of 3rd period - Deflect By Vince Hinostroza.
14:57 of 3rd period - Stopped by Laurent Brossoit with a rebound.
15:40 of 3rd period - Kieffer Bellows is hit by Denis Malgin and loses puck.
16:09 of 3rd period - Kyle Connor is hit by Joe Morrow and loses puck.
16:18 of 3rd period - Lawson Crouse is hit by Vince Hinostroza and loses puck.
17:37 of 3rd period - Vince Hinostroza is hit by Jake Evans and loses puck.
18:00 of 3rd period - Minor Penalty to Jalen Chatfield for High sticking.
18:01 of 3rd period - Kyle Rau wins face-off versus Josh Jooris in Wolves zone.
18:01 of 3rd period - Kyle Rau is hit by Cedric Paquette.
18:33 of 3rd period - Wrist shot by Andy Andreoff.
18:33 of 3rd period - Shot Misses the Net.
19:03 of 3rd period - Snap shot by Sebastian Aho.
19:03 of 3rd period - Shot Misses the Net.
19:53 of 3rd period - Frederick Gaudreau is hit by Jeffrey Foss.
19:57 of 3rd period - Kyle Connor is hit by Kyle Rau and loses puck.
0:00 - Penalty to Jalen Chatfield is over, Jalen Chatfield is back on ice.
Goals for this period are 2 for Penguins vs 0 for Wolves.
Shots for this period are 16 for Penguins vs 5 for Wolves.
Output by the SimonT Hockey Simulator (STHS) for Francois Prevost